 Dungeon Crawl Stone Soup version 0.22-a0-42-g002c468 (webtiles) character file.

39 KristoblXynda the Charmwright (level 3, -1/18 HPs)
             Began as a Spriggan Skald on Jan 5, 2018.
             Slain by an orc wizard
             ... wielding a +3 dagger
              (7 damage)
             ... on level 2 of the Dungeon.
             The game lasted 00:02:10 (1521 turns).

KristoblXynda the Charmwright (Spriggan Skald)      Turns: 1521, Time: 00:02:11

Health: -1/18      AC:  2    Str:  8    XL:     3   Next: 26%
Magic:  1/8        EV: 19    Int: 14    God:
Gold:   78         SH:  0    Dex: 15    Spells: 1/8 levels left

rFire    . . .     SeeInvis +   g - +0 dagger
rCold    . . .     Gourm    .   (shield restricted)
rNeg     . . .     Faith    .   b - +0 robe
rPois    .         Spirit   .   (helmet restricted)
rElec    .         Reflect  .   (no cloak)
rCorr    .         Harm     .   (gloves unavailable)
MR       .....                  (boots unavailable)
Stlth    +.........             (no amulet)
HPRegen  0.06/turn              (no ring)
MPRegen  0.11/turn              (no ring)

@: infused (expiring), very quick
A: very small, unfitting armour, see invisible, herbivore, speed 3, slow
metabolism 2
a: no special abilities


You were on level 2 of the Dungeon.
You were not hungry.

You visited 1 branch of the dungeon, and saw 2 of its levels.

You collected 78 gold pieces.

Inventory:

Hand Weapons
 g - a +0 dagger (weapon)
Armour
 b - a +0 robe (worn)
Scrolls
 e - a scroll of identify {unknown}
 f - a scroll of teleportation {unknown}
 h - a scroll of enchant weapon {unknown}
Potions
 a - a potion of heal wounds {unknown}
Books
 c - a book of Battle

   Spells                             Type                      Level
   a - Infusion                       Charms                       1
   b - Shroud of Golubria             Charms/Translocation         2
   c - Song of Slaying                Charms                       2
   d - Spectral Weapon                Hexes/Charms                 3
   e - Regeneration                   Charms/Necromancy            3
Comestibles
 d - 3 rations


   Skills:
 - Level 1.5 Fighting
 + Level 2.8 Short Blades
 + Level 4.1 Dodging
 + Level 3.3 Spellcasting
 + Level 5.0 Charms


You had one spell level left.
You knew the following spells:

 Your Spells              Type           Power        Failure   Level  Hunger
a - Infusion              Chrm           ###.         2%          1    #......
b - Regeneration          Chrm/Necr      #.........   22%         3    ###....
c - Spectral Weapon       Hex/Chrm       #.......     22%         3    ###....


Dungeon Overview and Level Annotations

Branches:
Dungeon (1/15)

Altars:


Innate Abilities, Weirdness & Mutations

You are very small and have problems with some larger weapons.
You are too small for most types of armour.
You have supernaturally acute eyesight. (SInv)
You are a herbivore.
You cover ground extremely quickly.
You need consume almost no food.


Message History

You hit the orc wizard but do no damage.
The orc wizard is severely wounded.
The orc wizard barely misses you.
You miss the orc wizard.
The orc wizard is severely wounded.
The orc wizard barely misses you.
The orc wizard hits you with an enchanted dagger.
You hit the orc wizard.
The orc wizard is severely wounded.
Your magical infusion is running out.
The orc wizard hits you with an enchanted dagger.
You closely miss the orc wizard.
The orc wizard is severely wounded.
The orc wizard gestures at you while chanting.
The puff of frost hits you!
The orc wizard hits you but does no damage.
You closely miss the orc wizard.
The orc wizard is severely wounded.
The orc wizard hits you with an enchanted dagger!
You die...

#.####...######... ...
..........#... ##
##.###.........#... ...
..#...##......###'
##..###.#....'.....†'...
........###.##......####
#.....o.....##......#
.#..##.###.######### #@#
#.# #o# #.# #o. ..#
..##### ..# #.!# #.>#
####


You could see an orc priest (wandering), an orc wizard and an orc.

Vanquished Creatures
  2 dart slugs
  4 orcs (D:2)
  2 ball pythons (D:2)
  6 bats
  A giant cockroach (D:1)
  2 goblins (D:1)
  2 hobgoblins (D:1)
  2 kobolds
  2 frilled lizards
  8 rats
31 creatures vanquished.

Notes
Turn   | Place    | Note
-------+----------+-------------------------------------------
     0 | D:1      | KristoblXynda the Spriggan Skald began the quest for the Orb.
     0 | D:1      | Reached XP level 1. HP: 10/10 MP: 5/5
   191 | D:1      | Reached XP level 2. HP: 6/14 MP: 2/6
   954 | D:1      | You fall through a shaft!
  1290 | D:2      | Reached XP level 3. HP: 17/18 MP: 8/8
  1295 | D:2      | Learned a level 3 spell: Regeneration
  1299 | D:2      | Learned a level 3 spell: Spectral Weapon
  1460 | D:2      | Reached skill level 5 in Charms
  1521 | D:2      | Slain by an orc wizard

Vault maps used:
D:1:      dpeg_arrival_water_fire, minmay_quantized
D:2:      cheibrodos_pilgrimage, minmay_goblin_kobold_house

Skill      XL: |  1  2  3 |
---------------+----------+-----
Spellcasting   | 3 |  3.3
Dodging        | 4 |  4.1
Charms         | 5 |  5.0
Fighting       | |  1.5
Short Blades   | |  2.8

Action                   || total
-------------------------++-------
Melee: Short sword       ||    74
       Dagger            ||    45
 Cast: Infusion          ||     5
  Use: Potion            ||     1
 Stab: Sleeping          ||     2
Armor: Robe              ||    12
Dodge: Dodged            ||    99

Table legend:
 A = Spawn XP
 B = Non-spawn XP
 C = Spawn XP percentage of total XP
 D = Spawn monster count
 E = Non-spawn monster count
 F = Spawn count percentage of total count
 G = Total turns spent on level
                    A         B        C        D         E        F      G
               +---------+---------+-------+---------+---------+-------+---------
         Total |       0 |      56 |   0.0 |       0 |      31 |   0.0 |  1521
               +---------+---------+-------+---------+---------+-------+---------
           D:1 |       0 |      28 |   0.0 |       0 |      17 |   0.0 |   954
           D:2 |       0 |      28 |   0.0 |       0 |      14 |   0.0 |   567
               +---------+---------+-------+---------+---------+-------+---------
